MWL
APPLETON FOXES @ CLINTON PILOTS
08/07/1982
 
TOP OF THE 1ST
Appleton Foxes batting - Pitching for Clinton Pilots : RHP Richard Patterson
Pitching: RHP Richard Patterson
Batting: LHB John Csefalvay 0-0: Ball
1-0: Foul Ball, location: 2F
1-1: Foul Ball, location: 2F
1-2: Strikes out swinging
Batting: RHB George Hinshaw 0-0: Ball
1-0: Foul Ball, location: 2F
1-1: Ball
2-1: SINGLE (Line Drive, 9S, EV 96.9 MPH)
Batting: RHB Chris Brown 0-0: Ball
1-0: Ball
2-0: Called Strike
2-1: Ball
3-1: Fly out, F7 (Flyball, 7LS, EV 91.3 MPH)
Batting: RHB Randy Asadoor 0-0: Ball
1-0: Foul Ball, location: 2F
1-1: Ball
2-1: Called Strike
2-2: Fly out, F8 (Flyball, 8RD, EV 89.4 MPH)
Top of the 1st over - 0 runs, 1 hit, 0 errors, 1 left on base; Appleton 0 - Clinton 0
BOTTOM OF THE 1ST
Clinton Pilots batting - Pitching for Appleton Foxes : RHP Mark Grant
Pitching: RHP Mark Grant
Batting: RHB Danny Chairez 0-0: Ground out 6-3 (Groundball, 6, EV 80.6 MPH)
Batting: RHB Tom Riley 0-0: Swinging Strike
0-1: Ball
1-1: Called Strike
1-2: DOUBLE (Line Drive, 7LS, EV 100.6 MPH)
Batting: SHB Alan Regier 0-0: Ball
1-0: Foul Ball, location: 2F
1-1: Ground out 6-3 (Groundball, 6, EV 91.9 MPH)
Tom Riley to third
Batting: RHB Abe Rael 0-0: Foul Ball, location: 2F
0-1: Ball
1-1: Foul Ball, location: 2F
1-2: Strikes out swinging
Bottom of the 1st over - 0 runs, 1 hit, 0 errors, 1 left on base; Appleton 0 - Clinton 0
TOP OF THE 2ND
Appleton Foxes batting - Pitching for Clinton Pilots : RHP Richard Patterson
Batting: RHB Victor Mata 0-0: Ball
1-0: Foul Ball, location: 2F
1-1: Ball
2-1: Foul Ball, location: 2F
2-2: Ground out 6-3 (Groundball, 6, EV 103.8 MPH)
Batting: RHB Douglas Lulay 0-0: Foul Ball, location: 2F
0-1: Ball
1-1: Ball
2-1: Swinging Strike
2-2: Ball
3-2: Foul Ball, location: 2F
3-2: Base on Balls
Batting: RHB Howard Lopes 0-0: Swinging Strike
0-1: Ball
1-1: Ball
2-1: Foul Ball, location: 2F
2-2: Ball
3-2: Foul Ball, location: 2F
3-2: Fly out, F3 (Popup, 34S, EV 79.4 MPH)
Batting: RHB Mike Nipper 0-0: Called Strike
0-1: Ball
1-1: Called Strike
1-2: Ball
2-2: Strikes out swinging
Top of the 2nd over - 0 runs, 0 hits, 0 errors, 1 left on base; Appleton 0 - Clinton 0
BOTTOM OF THE 2ND
Clinton Pilots batting - Pitching for Appleton Foxes : RHP Mark Grant
Batting: RHB Joseph Rietano 0-0: Ball
1-0: Foul Ball, location: 2F
1-1: Ball
2-1: Ball
3-1: Base on Balls
Batting: RHB Alberto Reyes 0-0: Swinging Strike
0-1: Called Strike
0-2: Ball
Passed Ball!
Joseph Rietano to second
1-2: Ball
2-2: Fly out, F9 (Line Drive, 9D, EV 105.0 MPH)
Runner from 2nd tags up, SAFE at 3rd, no throw by RF
Batting: RHB Barry Siebert 0-0: Ground out 6-3 (Groundball, 6, EV 83.1 MPH)
Joseph Rietano scores
Batting: LHB Epifano Martinez 0-0: Foul Ball, location: 2F
0-1: Called Strike
0-2: Ball
1-2: Foul Ball, location: 2F
1-2: Ball
2-2: Ball
3-2: Base on Balls
Batting: RHB Paul Bradley 0-0: Called Strike
0-1: Ball
1-1: Foul Ball, location: 2F
1-2: Fielders Choice at 2nd, 6-4 (Groundball, 6, EV 83.8 MPH)
Bottom of the 2nd over - 1 run, 0 hits, 0 errors, 1 left on base; Appleton 0 - Clinton 1
TOP OF THE 3RD
Appleton Foxes batting - Pitching for Clinton Pilots : RHP Richard Patterson
Batting: RHB Philip Sutton 0-0: Ball
1-0: Foul Ball, location: 2F
1-1: Ball
2-1: Ball
3-1: Foul Ball, location: 2F
3-2: SINGLE (Groundball, 4MD, EV 94.4 MPH)
Batting: LHB John Csefalvay 0-0: Ball
Philip Sutton steals 2nd base
1-0: Ball
2-0: Ball
3-0: Base on Balls
Batting: RHB George Hinshaw 0-0: Called Strike
0-1: Ball
1-1: Grounds into double play, 4-6-3 (Groundball, 4M, EV 98.8 MPH)
Philip Sutton to third
Batting: RHB Chris Brown 0-0: Fly out, F9 (Flyball, 9, EV 83.8 MPH)
Top of the 3rd over - 0 runs, 1 hit, 0 errors, 1 left on base; Appleton 0 - Clinton 1
BOTTOM OF THE 3RD
Clinton Pilots batting - Pitching for Appleton Foxes : RHP Mark Grant
Batting: RHB Danny Chairez 0-0: SINGLE (Flyball, 34D, EV 92.5 MPH)
Batting: RHB Tom Riley 0-0: Foul Ball, location: 2F
0-1: Fielders Choice at 2nd, 6-4 (Groundball, 6, EV 81.9 MPH)
Batting: SHB Alan Regier 0-0: Ball
1-0: Foul Ball, location: 2F
1-1: Grounds into double play, 4-6-3 (Groundball, 4, EV 88.1 MPH)
Bottom of the 3rd over - 0 runs, 1 hit, 0 errors, 0 left on base; Appleton 0 - Clinton 1
TOP OF THE 4TH
Appleton Foxes batting - Pitching for Clinton Pilots : RHP Richard Patterson
Batting: RHB Randy Asadoor 0-0: Ball
1-0: Called Strike
1-1: Swinging Strike
1-2: Foul Ball, location: 2F
1-2: Foul Ball, location: 2F
1-2: Ground out 5-3 (Groundball, 56S, EV 70.0 MPH)
Batting: RHB Victor Mata 0-0: Ball
1-0: Foul Ball, location: 2F
1-1: Swinging Strike
1-2: Strikes out swinging
Batting: RHB Douglas Lulay 0-0: Ball
1-0: Called Strike
1-1: Ball
2-1: Foul Ball, location: 2F
2-2: Foul Ball, location: 2F
2-2: Ball
3-2: Fly out, F4 (Popup, 34S, EV 76.3 MPH)
Top of the 4th over - 0 runs, 0 hits, 0 errors, 0 left on base; Appleton 0 - Clinton 1
BOTTOM OF THE 4TH
Clinton Pilots batting - Pitching for Appleton Foxes : RHP Mark Grant
Batting: RHB Abe Rael 0-0: Called Strike
0-1: Ground out 4-3 (Groundball, 4, EV 81.9 MPH)
Batting: RHB Joseph Rietano 0-0: Ball
1-0: Ball
2-0: Ball
3-0: Called Strike
3-1: Fly out, F4 (Popup, 34S, EV 66.3 MPH)
Batting: RHB Alberto Reyes 0-0: Foul Ball, location: 2F
0-1: Ball
1-1: Ball
2-1: Foul Ball, location: 2F
2-2: Fly out, F7 (Flyball, 7LM, EV 105.0 MPH)
Bottom of the 4th over - 0 runs, 0 hits, 0 errors, 0 left on base; Appleton 0 - Clinton 1
TOP OF THE 5TH
Appleton Foxes batting - Pitching for Clinton Pilots : RHP Richard Patterson
Batting: RHB Howard Lopes 0-0: Called Strike
0-1: Ball
1-1: Foul Ball, location: 2F
1-2: SINGLE (Groundball, 4MS, EV 84.4 MPH) (infield hit)
Batting: RHB Mike Nipper 0-0: Called Strike
0-1: Called Strike
0-2: Ball
1-2: Ball
Wild Pitch!
Howard Lopes to second
2-2: Ball
3-2: SINGLE (Line Drive, 8RS, EV 93.8 MPH)
Howard Lopes to third
Batting: RHB Philip Sutton 0-0: Ball
1-0: Ball
2-0: Ball
3-0: Swinging Strike
3-1: Fly out, F7 (Line Drive, 7, EV 88.8 MPH)
Runner from 3rd tags up, OUT at HOME! 7-2
Mike Nipper to second
Batting: LHB John Csefalvay 0-0: Ball
1-0: Swinging Strike
1-1: Foul Ball, location: 2F
1-2: Foul Ball, location: 2F
1-2: Fly out, F7 (Flyball, 7LD, EV 86.3 MPH)
Top of the 5th over - 0 runs, 2 hits, 0 errors, 1 left on base; Appleton 0 - Clinton 1
BOTTOM OF THE 5TH
Clinton Pilots batting - Pitching for Appleton Foxes : RHP Mark Grant
Batting: RHB Barry Siebert 0-0: Ball
1-0: Ball
2-0: Ball
3-0: Called Strike
3-1: Base on Balls
Batting: LHB Epifano Martinez 0-0: Ball
Barry Siebert is caught stealing 2nd base 2-6
1-0: Ground out 4-3 (Groundball, 4, EV 84.4 MPH)
Batting: RHB Paul Bradley 0-0: Ball
1-0: Ball
2-0: Ball
3-0: Base on Balls
Batting: RHB Danny Chairez 0-0: Swinging Strike
0-1: Ball
1-1: Called Strike
1-2: Strikes out swinging
Bottom of the 5th over - 0 runs, 0 hits, 0 errors, 1 left on base; Appleton 0 - Clinton 1
TOP OF THE 6TH
Appleton Foxes batting - Pitching for Clinton Pilots : RHP Richard Patterson
Batting: RHB George Hinshaw 0-0: Called Strike
0-1: Ball
1-1: Swinging Strike
1-2: Fly out, F7 (Flyball, 7, EV 88.1 MPH)
Batting: RHB Chris Brown 0-0: Ball
1-0: Ball
2-0: Foul Ball, location: 2F
2-1: Foul Ball, location: 2F
2-2: Foul Ball, location: 2F
2-2: Ball
3-2: Base on Balls
Batting: RHB Randy Asadoor 0-0: Ball
1-0: Swinging Strike
1-1: Foul Ball, location: 2F
1-2: Ball
2-2: Ball
3-2: Base on Balls
Chris Brown to second
Batting: RHB Victor Mata 0-0: Ball
1-0: Ball
2-0: Called Strike
2-1: Swinging Strike
2-2: Foul Ball, location: 2F
2-2: Foul Ball, location: 2F
2-2: Foul Ball, location: 2F
2-2: Ball
3-2: Strikes out swinging
Batting: RHB Douglas Lulay 0-0: Ball
1-0: Foul Ball, location: 2F
1-1: Swinging Strike
1-2: Foul Ball, location: 2F
1-2: Fly out, F4 (Popup, 4D, EV 74.4 MPH)
Top of the 6th over - 0 runs, 0 hits, 0 errors, 2 left on base; Appleton 0 - Clinton 1
BOTTOM OF THE 6TH
Clinton Pilots batting - Pitching for Appleton Foxes : RHP Mark Grant
Batting: RHB Tom Riley 0-0: Ball
1-0: Ball
2-0: DOUBLE (Flyball, 8RD, EV 109.4 MPH)
Batting: SHB Alan Regier 0-0: Foul Ball, location: 2F
0-1: Ground out 4-3 (Groundball, 4, EV 98.1 MPH)
Tom Riley to third
Batting: RHB Abe Rael 0-0: Ball
1-0: 2-RUN HOME RUN (Line Drive, 78XD, EV 100.0 MPH), Distance : 417 ft
Batting: RHB Joseph Rietano 0-0: Ball
1-0: Called Strike
1-1: Foul Ball, location: 2F
1-2: Ball
2-2: Foul Ball, location: 2F
2-2: Strikes out swinging
Batting: RHB Alberto Reyes 0-0: Ball
1-0: Ground out 6-3 (Groundball, 6, EV 83.1 MPH)
Bottom of the 6th over - 2 runs, 2 hits, 0 errors, 0 left on base; Appleton 0 - Clinton 3
TOP OF THE 7TH
Appleton Foxes batting - Pitching for Clinton Pilots : RHP Richard Patterson
Pitching: RHP Robert Davis
Batting: RHB Howard Lopes 0-0: Ball
1-0: Foul Ball, location: 2F
1-1: Foul Ball, location: 2F
1-2: Ball
2-2: Fly out, F9 (Flyball, 89D, EV 101.9 MPH)
Batting: RHB Mike Nipper 0-0: Fly out, F8 (Flyball, 8RD, EV 96.3 MPH)
Batting: RHB Philip Sutton 0-0: Ball
1-0: Fly out, F4 (Popup, 4, EV 69.4 MPH)
Top of the 7th over - 0 runs, 0 hits, 0 errors, 0 left on base; Appleton 0 - Clinton 3
BOTTOM OF THE 7TH
Clinton Pilots batting - Pitching for Appleton Foxes : RHP Mark Grant
Batting: RHB Barry Siebert 0-0: Called Strike
0-1: Called Strike
0-2: Ball
1-2: Ball
2-2: SINGLE (Groundball, 56D, EV 105.0 MPH)
Batting: LHB Epifano Martinez 0-0: Ball
1-0: Called Strike
1-1: Ball
2-1: Ball
3-1: Foul Ball, location: 2F
3-2: Fly out, F8 (Line Drive, 8RD, EV 96.3 MPH)
Batting: RHB Paul Bradley 0-0: Ball
1-0: Foul Ball, location: 2F
1-1: Ball
2-1: Ball
3-1: Base on Balls
Barry Siebert to second
Batting: RHB Danny Chairez 0-0: Ball
Barry Siebert steals 3rd base
1-0: Ball
2-0: Fly out, F9 (Flyball, 89D, EV 88.1 MPH)
Runner from 3rd tags up, SCORES, no throw by RF
Pitching: RHP Steve Mapel
Batting: RHB Tom Riley 0-0: Called Strike
0-1: Ball
1-1: Ball
Paul Bradley is caught stealing 2nd base 2-4
Bottom of the 7th over - 1 run, 1 hit, 0 errors, 0 left on base; Appleton 0 - Clinton 4
TOP OF THE 8TH
Appleton Foxes batting - Pitching for Clinton Pilots : RHP Robert Davis
Batting: LHB John Csefalvay 0-0: Ball
1-0: SINGLE (Line Drive, 7S, EV 104.4 MPH)
Batting: RHB George Hinshaw 0-0: Fly out, F8 (Line Drive, 8LM, EV 85.0 MPH)
Batting: RHB Chris Brown 0-0: Foul Ball, location: 2F
0-1: Swinging Strike
0-2: Foul Ball, location: 2F
0-2: Ball
1-2: Foul Ball, location: 2F
1-2: Grounds into double play, 6-4-3 (Groundball, 6, EV 91.3 MPH)
Top of the 8th over - 0 runs, 1 hit, 0 errors, 0 left on base; Appleton 0 - Clinton 4
BOTTOM OF THE 8TH
Clinton Pilots batting - Pitching for Appleton Foxes : RHP Steve Mapel
Batting: RHB Tom Riley 0-0: Called Strike
0-1: Swinging Strike
0-2: Ball
1-2: Foul Ball, location: 2F
1-2: Fly out, F7 (Line Drive, 7, EV 93.1 MPH)
Batting: SHB Alan Regier 0-0: Ball
1-0: Ball
2-0: Swinging Strike
2-1: Ball
3-1: Base on Balls
Batting: RHB Abe Rael 0-0: Called Strike
0-1: Hit by Pitch
Alan Regier to second
Batting: RHB Joseph Rietano 0-0: Called Strike
0-1: Ball
Alan Regier steals 3rd base
1-1: Swinging Strike
1-2: Foul Ball, location: 2F
1-2: Foul Ball, location: 2F
1-2: SINGLE (Flyball, 8RS, EV 85.6 MPH)
Alan Regier scores
Abe Rael to second
Batting: RHB Alberto Reyes 0-0: Called Strike
0-1: Called Strike
0-2: Ball
1-2: Foul Ball, location: 2F
1-2: Strikes out swinging
Batting: RHB Barry Siebert 0-0: Called Strike
0-1: Called Strike
0-2: Ball
1-2: Ball
2-2: Strikes out swinging
Bottom of the 8th over - 1 run, 1 hit, 0 errors, 2 left on base; Appleton 0 - Clinton 5
TOP OF THE 9TH
Appleton Foxes batting - Pitching for Clinton Pilots : RHP Robert Davis
Batting: RHB Randy Asadoor 0-0: Ball
1-0: Ball
2-0: Foul Ball, location: 2F
2-1: Ball
3-1: SINGLE (Flyball, 4D, EV 91.3 MPH)
Batting: RHB Victor Mata 0-0: Foul Ball, location: 2F
0-1: Ball
1-1: Ball
2-1: Swinging Strike
2-2: Strikes out swinging
Batting: RHB Douglas Lulay 0-0: Ball
1-0: Swinging Strike
1-1: Called Strike
1-2: Strikes out swinging
Batting: RHB Howard Lopes 0-0: Ball
1-0: Fly out, F8 (Flyball, 89M, EV 91.3 MPH)
Top of the 9th over - 0 runs, 1 hit, 0 errors, 1 left on base; Appleton 0 - Clinton 5
Thursday, August 20th, 2020 - OOTP Baseball 21.5 Build 76